 Dungeon Crawl Stone Soup version 0.28-a0-1506-g3893175d92 (webtiles) character file.

Game seed: 4496085791555343754

169 horus123 the Grave Robber (level 5, -5/28 HPs)
             Began as a Deep Elf Necromancer on Jan 13, 2022.
             Killed from afar by an orc wizard (7 damage)
             ... with a puff of flame
             ... on level 3 of the Dungeon.
             The game lasted 00:04:40 (3420 turns).

horus123 the Grave Robber (Deep Elf Necromancer)    Turns: 3420, Time: 00:04:40

Health: -5/28      AC:  5    Str:  5    XL:     5   Next: 25%
Magic:  1/14       EV: 12    Int: 22    God:
Gold:   170        SH:  0    Dex: 15    Spells: 6/14 levels left

rFire   . . .      SeeInvis .   i - +1 scimitar (holy)
rCold   . . .      Faith    .   (no shield)
rNeg    . . .      Spirit   .   a - +0 robe
rPois   .          Reflect  .   h - +1 helmet
rElec   .          Harm     .   b - +0 cloak
rCorr   .          Rampage  .   (no gloves)
Will    .....                   (no boots)
Stlth   ++........              (no amulet)
HPRegen 0.09/turn               (no ring)
MPRegen 0.14/turn               (no ring)

@: no status effects
A: no striking features
a: no special abilities


You were on level 3 of the Dungeon.
You visited 1 branch of the dungeon, and saw 4 of its levels.

You collected 170 gold pieces.

Inventory:

Hand Weapons
 i - a +1 scimitar of holy wrath (weapon)
Armour
 a - a +0 robe (worn)
 b - a +0 cloak (worn)
 h - a +1 helmet (worn)
Scrolls
 j - a scroll of vulnerability {unknown}
Potions
 c - a potion of ambrosia {unknown}
 d - 2 potions of heal wounds
 e - a potion of curing {unknown}
 f - a potion of berserk rage {unknown}
 g - 2 potions of cancellation {unknown}


   Skills:
 - Level 2.4 Dodging
 - Level 2.4 Stealth
 - Level 5.1 Spellcasting
 + Level 6.9 Necromancy


You had 6 spell levels left.
You knew the following spells:

 Your Spells              Type           Power      Damage    Failure   Level
a - Pain                  Necr           100%       1d9       1%          1
b - Vampiric Draining     Necr           36%        2d8       1%          3
c - Animate Dead          Necr           18%        N/A       5%          4

Your spell library contained the following spells:

 Spells                   Type           Power      Damage    Failure   Level
 Animate Skeleton         Necr           72%        N/A       1%          1
 Apportation              Tloc           10%        N/A       10%         1
 Blink                    Tloc           10%        N/A       16%         2
 Agony                    Necr           36%        N/A       16%         5
 Lesser Beckoning         Tloc           5%         N/A       30%         3
 Alistair's Intoxication  Tmut/Pois      3%         N/A       95%         5
 Freezing Cloud           Conj/Ice/Air   2%         6-21      95%         5
 Manifold Assault         Tloc           5%         N/A       95%         5
 Simulacrum               Ice/Necr       10%        N/A       98%         6
 Polar Vortex             Ice            2%         N/A       100%        9


Dungeon Overview and Level Annotations

Branches:
Dungeon (4/15)
 Temple: D:4-7

Altars:

Shops:
D:4 *


Message History

You hear some strange, mumbled words.
Something tries to affect you, but you resist.
You hear some strange, mumbled words.
A puff of flame appears from out of thin air!
The puff of flame hits you.
* * * LOW HITPOINT WARNING * * *
Casting: Vampiric Draining (safe; 1% risk of failure)
Confirm with . or Enter, or press ? or * to list all spells.
You can't see any susceptible monsters within range! (Use Z to cast anyway.)
Casting: Vampiric Draining (safe; 1% risk of failure)
Confirm with . or Enter, or press ? or * to list all spells.
You don't know that spell.
Casting: Vampiric Draining (safe; 1% risk of failure)
Confirm with . or Enter, or press ? or * to list all spells.
You can't see any susceptible monsters within range! (Use Z to cast anyway.)
Casting: Vampiric Draining (safe; 1% risk of failure)
Confirm with . or Enter, or press ? or * to list all spells.
Aiming: Vampiric Draining (safe; 1% risk of failure)
Press: ? - help, Shift-Dir - straight line You draw life force from something!
You feel life coursing into your body.
You feel sick.
You are no longer poisoned.
Something hits you.
* * * LOW HITPOINT WARNING * * *
You miss something. Something hits you.
* * * LOW HITPOINT WARNING * * *
You miss something.
Something hits you but does no damage. x2
You miss something.
You hear some strange, mumbled words.
Something tries to affect you, but you resist.
You closely miss something. Something hits you but does no damage.
You closely miss something. Something hits you.
* * * LOW HITPOINT WARNING * * *
Something hits you.
* * * LOW HITPOINT WARNING * * *
You barely miss something.
You hear some strange, mumbled words.
A puff of flame appears from out of thin air!
The puff of flame hits you!
You die...

#.# ##
#.##########
#.......).<.
####..#########
#####.......#
#...#.##..#.####
#.#............#
#....###.#.###.#
##@#.# #.#.# #.##
#{).###.#.###..#
#>......#......###
#...#########.....
#.#.....#......###
#.#.###.#.###..#
#.#.# #.#.# #.##
#...###.#.###.#
###...........####


There were no monsters in sight!

Vanquished Creatures
  A scorpion (D:3)
  A jelly (D:3)
  2 adders
  A dart slug (D:1)
  2 orcs
  4 ball pythons
  5 bats
  7 endoplasms
  A giant cockroach (D:2)
  5 hobgoblins
  2 jackals (D:1)
  5 quokkas
  A frilled lizard (D:2)
  11 goblins
  2 kobolds
  5 rats
55 creatures vanquished.

Notes
Turn   | Place    | Note
-------+----------+-------------------------------------------
     0 | D:1      | horus123 the Deep Elf Necromancer began the quest for the
                  | Orb.
     0 | D:1      | Reached XP level 1. HP: 10/10 MP: 6/6
   511 | D:1      | Reached XP level 2. HP: 12/15 MP: 6/9
   734 | D:1      | Reached skill level 5 in Necromancy
  1562 | D:2      | Reached XP level 3. HP: 18/19 MP: 9/11
  1566 | D:2      | Learned a level 3 spell: Vampiric Draining
  1677 | D:2      | Reached skill level 5 in Spellcasting
  2743 | D:3      | Found a faded altar of an unknown god.
  3109 | D:3      | Reached XP level 4. HP: 23/24 MP: 11/13
  3114 | D:3      | Learned a level 4 spell: Animate Dead
  3305 | D:4      | Noticed a scorpion
  3305 | D:4      | Found Worr's Overcharged Wands.
  3313 | D:3      | Killed a scorpion
  3314 | D:3      | Reached skill level 6 in Necromancy
  3315 | D:3      | Reached XP level 5. HP: 20/28 MP: 1/14
  3419 | D:3      | HP: 1/28 [something (4)]
  3420 | D:3      | Killed from afar by an orc wizard

Illustrated notes

Levels and vault maps discovered:
D:1:      sevenhm_arrival_forest_fort_large_2, layout_rooms, kennysheep_boxes
D:2:      layout_loops_ring
D:3:      layout_loops_ring, shapermc_ecumenical_altar_gd,
          minmay_misc_feat_cross
D:4:      layout_rooms, serial_shops, kennysheep_mini_moat,
          nicolae_shop_overcharged_wands

Skill      XL: |  1  2  3  4 |
---------------+-------------+-----
Spellcasting   | 4 5 |  5.1
Necromancy     | 5 6 |  6.9
Dodging        | |  2.4
Stealth        | |  2.4

Action                   |  1- 3 |  4- 6 || total
-------------------------+-------+-------++-------
Melee: Unarmed           |     1 |       ||     1
       Scimitar          |       |     8 ||     8
 Cast: Pain              |    78 |     7 ||    85
       Vampiric Draining |       |     8 ||     8
  Use: Scroll            |     2 |       ||     2
Armor: Robe              |     2 |     7 ||     9
Dodge: Dodged            |     5 |    11 ||    16

Table legend: (Time is in decaauts)
 A = Elapsed time spent in this place.
 B = Non-inter-level travel time spent in this place.
 C = Inter-level travel time spent in this place.
 D = Time resting spent in this place.
 E = Time spent auto-exploring this place.
 F = Levels seen in this place.
 G = Mean time per level.
                   A        B        C        D        E       F      G
               +--------+--------+--------+--------+--------+-----+--------+
         Total |   3448 |   3391 |     57 |    278 |   2814 |   4 |  862.0 |
       Dungeon |   3448 |   3391 |     57 |    278 |   2814 |   4 |  862.0 |
               +--------+--------+--------+--------+--------+-----+--------+

Top non-repeatable levels by time:
     D:1: 1465 daAuts
     D:2: 1109 daAuts
     D:3: 864 daAuts
     D:4: 9 daAuts
